AoeStats
← TIMVP

Black Forest

509411972Analyzed
2v2 RM · 5d ago on Sep 26, 2026· 50m 56s· 4 players
Game mode
Random Map
Map size
Medium (4 player)
Population
200
Speed
Normal
Resources
Standard
Victory
Conquest
Starting age
Dark Age
Ending age
Imperial Age
RankedLock teamsTeams togetherTeam positionsShared explorationLock speedFull tech treeHidden civsTurbo modeCheats
Victory
Defeat
🇰🇿 Turks · Kazakhstan
787
+14
🇧🇴 Hindustanis · Bolivia
731
+17
🇵🇪 Romans · Peru
767
-16
🇨🇱 Turks · Chile
727
-15
Ketchup
0:40 Loom
12:11 Feudal Age
13:16 Horse Collar
13:53 Double-Bit Axe
14:25 Fishing Lines
15:27 Gold Mining
19:59 Castle Age
20:21 Stone Mining
21:22 Wheelbarrow
22:47 Gold Shaft Mining
22:29 Bow Saw
22:22 Heavy Plow
23:01 Stone Shaft Mining
23:25 Gillnets
23:52 Squires
23:38 Arson
24:15 Forging
24:13 Town Watch
25:57 Caravan
26:51 Grand Trunk Road
28:31 Hand Cart
31:50 Imperial Age
31:16 Iron Casting
30:41 Scale Mail Armor
32:07 Hand Cart
31:53 Town Patrol
32:47 Coinage
32:55 Conscription
33:46 Chemistry
33:07 Ballistics
32:44 Murder Holes
35:17 Two-Man Saw
33:50 Elite Ghulam
35:02 Bloodlines
34:52 Husbandry
35:25 Light Cavalry
35:26 Heavy Camel Rider
36:13 Hussar
39:10 Blast Furnace
38:26 Chain Mail Armor
38:17 Scale Barding Armor
40:47 Banking
41:56 Chain Barding Armor
42:48 Imperial Camel Rider
49:16 Plate Barding Armor
48:50 Siege Engineers
Monument
0:30 Loom
12:52 Feudal Age
14:58 Wheelbarrow
14:07 Horse Collar
14:16 Double-Bit Axe
22:12 Castle Age
23:49 Stone Mining
23:53 Gold Mining
26:14 Hand Cart
27:19 Gold Shaft Mining
30:36 Imperial Age
27:52 Town Watch
28:55 Fortified Wall
28:42 Murder Holes
30:41 Ballistics
31:12 Heavy Plow
31:27 Bow Saw
31:39 Artillery
33:39 Conscription
36:45 Elite Janissary
37:59 Caravan
40:10 Bloodlines
40:01 Husbandry
40:37 Bombard Tower
40:08 Guard Tower
40:30 Masonry
40:02 Treadmill Crane
40:08 Arrowslits
40:54 Padded Archer Armor
40:45 Fletching
45:50 Leather Archer Armor
45:31 Bodkin Arrow
45:42 Scale Barding Armor
45:47 Forging
Takhyom
1:28 Loom
10:29 Feudal Age
11:26 Double-Bit Axe
17:32 Gold Mining
24:00 Castle Age
22:08 Arson
22:25 Horse Collar
24:13 Stone Mining
25:19 Bow Saw
25:12 Heavy Plow
25:27 Forging
25:08 Fletching
26:31 Gold Shaft Mining
28:02 Bodkin Arrow
28:17 Scale Mail Armor
29:09 Crossbowman
30:50 Wheelbarrow
31:45 Thumb Ring
31:47 Squires
33:47 Hand Cart
36:46 Imperial Age
34:38 Fervor
34:10 Man-at-Arms
35:20 Ballistics
34:57 Murder Holes
35:12 Masonry
35:54 Iron Casting
35:25 Scale Barding Armor
36:20 Chain Mail Armor
35:53 Treadmill Crane
37:08 Elite Janissary
38:17 Conscription
39:05 Two-Man Saw
38:58 Artillery
39:11 Husbandry
39:23 Bloodlines
41:34 Blast Furnace
40:55 Chain Barding Armor
42:21 Hoardings
TIMVP
0:34 Loom
14:00 Feudal Age
14:26 Double-Bit Axe
16:09 Wheelbarrow
22:18 Castle Age
20:37 Horse Collar
21:08 Stone Mining
29:39 Heavy Plow
29:25 Man-at-Arms
30:10 Scale Mail Armor
35:09 Imperial Age
32:52 Long Swordsman
33:50 Chain Mail Armor
36:28 Fortified Wall
38:23 Ballistics
38:14 Masonry
43:02 Siege Engineers
46:03 Bow Saw
46:18 Elite Skirmisher
49:07 Bloodlines
48:17 Light Cavalry
Connection lost

Rejoining the realm…

Still unreachable

The connection could not be restored.

Session expired

The server has moved on; the page needs a fresh start.